 Dungeon Crawl Stone Soup version 0.25.1-8-g42b30a86e7 (webtiles) character file.

Game seed: 7798133848382332491

12884 Abzac the Exorcist (level 12, -1/113 HPs)
             Began as a Hill Orc Monk on Dec 18, 2020.
             Was an Elder of the Shining One.
             Slain by a death yak (21 damage)
             ... on level 9 of the Dungeon.
             The game lasted 00:35:13 (14967 turns).

Abzac the Exorcist (Hill Orc Monk)                 Turns: 14967, Time: 00:35:14

Health: -1/113     AC: 14    Str: 19    XL:     12   Next: 0%
Magic:  14/21      EV: 11    Int: 10    God:    the Shining One [****..]
Gold:   868        SH: 11    Dex: 13    Spells: 11/11 levels left

rFire    . . .     SeeInvis +   v - +2 flail (venom)
rCold    . . .     Gourm    .   (no shield)
rNeg     + + .     Faith    .   g - +0 scale mail
rPois    .         Spirit   .   (no helmet)
rElec    .         Reflect  .   (no cloak)
rCorr    .         Harm     .   j - +0 pair of gloves
MR       +....                  n - +2 pair of boots {run}
Stlth    ..........             (no amulet)
HPRegen  0.28/turn              N - ring of protection from magic
MPRegen  0.17/turn              B - ring of see invisible

@: divine shield, slowed, glowing, very slow
A: no striking features
a: Divine Shield, Cleansing Flame, Renounce Religion


You were on level 9 of the Dungeon.
You worshipped the Shining One.
The Shining One was greatly pleased with you.
You were not hungry.

You visited 1 branch of the dungeon, and saw 10 of its levels.
You also visited: Sewer.

You collected 868 gold pieces.

Inventory:

Hand Weapons
 a - a +0 hand axe
 v - a +2 flail of venom (weapon)
 w - a +5 falchion
 y - a cursed -1 long sword
 G - a +3 dire flail
 L - a +1 long sword of protection
Armour
 b - a +0 robe
 f - a +1 pair of boots
 g - a +0 scale mail (worn)
 j - a +0 pair of gloves (worn)
 n - a +2 pair of boots of running (worn)
 H - a cursed -2 scale mail
 K - a +0 pair of gloves
Jewellery
 q - an uncursed ring of magical power
 B - a ring of see invisible (right hand)
 N - a ring of protection from magic (left hand)
 P - an uncursed ring of poison resistance
 R - an uncursed ring of flight {unknown}
 S - an uncursed amulet of faith
 X - an uncursed ring of flight {unknown}
Wands
 I - a wand of disintegration (8)
 O - a wand of digging (9)
 T - a wand of iceblast (9)
 U - a wand of flame (16)
 W - a wand of paralysis (15)
Scrolls
 d - 3 scrolls of remove curse
 e - 5 scrolls of teleportation
 h - 3 scrolls of fog
 k - a scroll of enchant weapon
 m - a scroll of blinking {unknown}
 o - 2 scrolls of noise {unknown}
 r - a scroll of magic mapping {unknown}
 u - 3 scrolls of immolation {unknown}
 A - a scroll of fear {unknown}
 E - a scroll of amnesia {unknown}
 J - a scroll of random uselessness {unknown}
 M - 4 scrolls of identify
 V - a scroll of holy word {unknown}
Potions
 i - a potion of invisibility {unknown}
 l - 6 potions of might {unknown}
 p - 6 potions of brilliance {unknown}
 s - 2 potions of heal wounds
 t - 2 potions of resistance {unknown}
 z - 2 potions of haste {unknown}
 C - a potion of cancellation {unknown}
 D - 4 potions of curing
 F - 2 potions of flight {unknown}
 Q - a potion of ambrosia {unknown}
 Y - 2 potions of degeneration {unknown}
 Z - a potion of lignification {unknown}
Miscellaneous
 x - a phial of floods
Comestibles
 c - 12 rations


   Skills:
 - Level 12.3 Fighting
 - Level 5.6(7.0) Axes
 - Level 5.4(6.2) Maces & Flails
 + Level 11.2 Armour
 - Level 2.5 Dodging
 - Level 1.5 Stealth
 + Level 13.2 Invocations


You had 11 spell levels left.
You didn't know any spells.
Your spell library contained the following spells:

 Spells                   Type           Power        Failure   Level  Hunger
 Corona                   Hex            #......      65%         1    ##.....
 Ensorcelled Hibernation  Hex/Ice        #.....       80%         2    ###....
 Confusing Touch          Hex            #.......     95%         3    ####...
 Dazzling Flash           Conj/Hex       #.....       95%         3    ####...
 Tukima's Dance           Hex            #.......     95%         3    ####...


Dungeon Overview and Level Annotations

Branches:
Dungeon (10/15)            Temple (0/1) D:7           Sewer (visited)
   Lair: D:8-11         Orc: D:9-12

Altars:
Ashenzari
Gozag
Hepliaklqana
Makhleb
Ru
Trog
Vehumet
Yredelemnul
The Shining One

Annotations:
D:6 2 transporters, Gabide's ghost, novice HuCK
D:10 Erica


Message History

* * * LOW HITPOINT WARNING * * *
You sock the death yak!
The death yak is heavily wounded.
The death yak gores you.
* * * LOW HITPOINT WARNING * * *
You thump the death yak!
The death yak is poisoned.
The death yak is heavily wounded.
The death yak barely misses you. The death yak gores you.
* * * LOW HITPOINT WARNING * * *
You thump the death yak!
The death yak looks as sick as possible!
The death yak is heavily wounded.
The death yak gores you!
* * * LOW HITPOINT WARNING * * *
The death yak gores you but does no damage.
The death yak closely misses you.
The death yak gores you but does no damage.
The death yak gores you but does no damage.
The death yak gores you!!
You die...

########################
................@......#
...#.......##..##Y...#.#
...#.......##..##......#
.......................#
......##########.......#
##.#..#.....# #..###..#
.#....#.....# #.......#
.#.).(###'######.......#
.#####.(...............#


You could see a death yak (poisoned).

Vanquished Creatures
  A two-headed ogre (D:8)
  A death yak (D:9)
  Sonja (D:10)
  An unseen horror (D:8)
  A deep elf mage (D:10)
  Psyche (D:9)
  An efreet (D:10)
  A troll (D:9)
  A hippogriff (D:8)
  A wyvern (D:10)
  A human (D:7)
  11 yaks
  2 hungry ghosts
  Grum (D:8)
  4 hogs (D:7)
  Menkaure (D:4)
  5 orc warriors
  2 sky beasts
  A necrophage (D:6)
  2 black bears (D:8)
  4 ogres
  2 wolves (D:8)
  5 centaurs
  A crocodile (D:9)
  6 big kobolds
  A gnoll sergeant (D:8)
  8 bullfrogs
  6 scorpions
  9 killer bees
  12 wights
  5 howler monkeys
  5 crimson imps
  2 centaur zombies
  7 jellies
  A quasit (D:7)
  4 hounds
  6 orc priests
  A bullfrog skeleton (D:5)
  A centaur skeleton (D:8)
  6 iguanas
  7 orc wizards
  11 worker ants
  A killer bee zombie (D:10)
  A worker ant zombie (D:6)
  11 gnolls
  9 adders
  3 shadow imps
  5 oozes
  2 adder skeletons
  3 worms
  5 leopard geckos
  32 orcs
  9 ball pythons
  14 giant cockroaches
  4 goblins
  4 hobgoblins
  3 jackals (D:4)
  3 quokkas
  9 bats
  3 frilled lizards
  2 gnoll zombies (D:3)
  19 kobolds
  A leopard gecko skeleton (D:5)
  A quokka skeleton (D:5)
  10 rats
304 creatures vanquished.

Vanquished Creatures (others)
  A jelly (D:10)
  3 toadstools (D:6)
4 creatures vanquished.

Grand Total: 308 creatures vanquished

Notes
Turn   | Place    | Note
-------+----------+-------------------------------------------
     0 | D:1      | Abzac the Hill Orc Monk began the quest for the Orb.
     0 | D:1      | Reached XP level 1. HP: 19/19 MP: 1/1
   370 | D:1      | Reached XP level 2. HP: 26/27 MP: 2/2
  1078 | D:2      | Found a glowing golden altar of the Shining One.
  1085 | D:2      | Became a worshipper of the Shining One
  1085 | D:2      | Reached * piety under the Shining One
  1085 | D:2      | Reached ** piety under the Shining One
  1171 | D:2      | Found a hazy altar of Hepliaklqana.
  1294 | D:2      | Reached XP level 3. HP: 33/33 MP: 3/3
  1605 | D:2      | Reached skill level 5 in Axes
  1900 | D:2      | Identified a +2 pair of boots of running (You found it on
                  | level 2 of the Dungeon)
  1984 | D:3      | Reached skill level 1 in Invocations
  2084 | D:3      | Found a radiant altar of Vehumet.
  2116 | D:3      | Reached skill level 1 in Armour
  2126 | D:3      | Reached skill level 2 in Invocations
  2126 | D:3      | Reached XP level 4. HP: 25/40 MP: 5/5
  2407 | D:3      | Found an opulent altar of Gozag.
  2536 | D:3      | Reached skill level 3 in Invocations
  2742 | D:3      | Found a basalt altar of Yredelemnul.
  2919 | D:4      | Reached XP level 5. HP: 42/46 MP: 7/7
  2919 | D:4      | Noticed an ogre
  3453 | D:3      | Reached skill level 4 in Invocations
  3927 | D:3      | Reached XP level 6. HP: 32/52 MP: 9/9
  4050 | D:4      | Reached skill level 5 in Invocations
  4915 | D:4      | Reached XP level 7. HP: 51/60 MP: 11/11
  4999 | D:4      | Noticed Menkaure
  5007 | D:4      | Killed Menkaure
  5007 | D:4      | Reached skill level 5 in Fighting
  5007 | D:4      | Reached skill level 1 in Maces & Flails
  5848 | D:4      | Reached XP level 8. HP: 70/70 MP: 12/12
  5915 | D:5      | Entered Level 5 of the Dungeon
  5924 | D:5      | Reached skill level 5 in Armour
  6217 | D:5      | Found a shattered altar of Ashenzari.
  6566 | D:5      | Found a sacrificial altar of Ru.
  6719 | D:5      | Found a glowing drain.
  6734 | Sewer    | Entered a sewer
  6747 | Sewer    | Reached *** piety under the Shining One
  7145 | D:5      | Reached skill level 5 in Maces & Flails
  7352 | D:6      | Reached skill level 6 in Invocations
  7352 | D:6      | Reached XP level 9. HP: 75/80 MP: 13/13
  7824 | D:6      | Noticed Gabide's ghost (novice HuCK)
  7825 | D:6      | Found a transporter.
  7830 | D:6      | Found a transporter.
  7841 | D:6      | Noticed a queen bee
  8080 | D:7      | Reached skill level 7 in Invocations
  8637 | D:7      | Reached skill level 8 in Invocations
  8667 | D:7      | Found a staircase to the Ecumenical Temple.
  8858 | D:7      | Reached skill level 9 in Invocations
  8864 | D:7      | Reached skill level 10 in Fighting
  9084 | D:7      | Reached XP level 10. HP: 68/93 MP: 17/17
  9853 | D:8      | Found a bloodstained altar of Trog.
  9924 | D:8      | Noticed a two-headed ogre
  9924 | D:8      | Reached **** piety under the Shining One
  9966 | D:8      | Killed a two-headed ogre
 10177 | D:8      | Noticed Grum
 10209 | D:8      | Killed Grum
 10368 | D:8      | Noticed an unseen horror
 10408 | D:8      | Killed an unseen horror
 10579 | D:8      | Reached skill level 10 in Invocations
 10752 | D:8      | Reached XP level 11. HP: 73/105 MP: 18/18
 11386 | D:9      | Reached skill level 11 in Invocations
 11974 | D:9      | Noticed Psyche
 11982 | D:9      | Killed Psyche
 12256 | D:9      | Found a burning altar of Makhleb.
 12456 | D:9      | Reached ***** piety under the Shining One
 13139 | D:10     | Entered Level 10 of the Dungeon
 13149 | D:10     | Noticed a deep elf mage
 13504 | D:10     | Noticed Sonja
 13507 | D:10     | Killed Sonja
 13507 | D:10     | Reached skill level 10 in Armour
 13586 | D:10     | Reached skill level 12 in Invocations
 13686 | D:10     | Killed a deep elf mage
 14836 | D:10     | Reached skill level 13 in Invocations
 14910 | D:10     | Noticed a death yak
 14910 | D:10     | Noticed a death yak
 14924 | D:10     | Noticed a death yak
 14943 | D:10     | Noticed Erica
 14947 | D:10     | HP: 4/105 [death yak (22)]
 14950 | D:9      | Killed a death yak
 14950 | D:9      | Reached XP level 12. HP: 36/113 MP: 15/21
 14967 | D:9      | Slain by a death yak

Illustrated notes

Levels and vault maps discovered:
D:1:      dpeg_arrival_rooms_b, layout_basic
D:2:      layout_basic, lemuel_coloured_pillars_altar, tso_altar
D:3:      layout_rooms, fiery_altar_vehumet, lemuel_zombie_altar_yredelemnul,
          nicolae_gozag_cash_rules_everything_around_me, serial_glass,
          glass_columns_b, glass_columns_c, glass_columns_a, glass_columns_a,
          glass_columns_a, glass_columns_a, first_ration, lemuel_old_faithful
D:4:      minmay_octagon_keep, layout_basic, st_stairs_3, uniq_menkaure
D:5:      layout_gridville, nicolae_ashenzari_panopticon, portal_sewer_entry_e,
          nicolae_ru_the_path_less_chosen
D:6:      layout_basic, gammafunk_ghost_hive, eino_curves_04,
          minmay_gold_behind_fungi
D:7:      layout_basic, minmay_temple_entry_junction, grunt_livestock,
          minmay_chambers_of_fives
D:8:      minmay_imperfect_grid, layout_basic, kennysheep_mini, uniq_grum
D:9:      layout_stronghold, nicolae_overflow_hidden_temple, uniq_psyche
D:10:     minmay_the_grid_4x2 [minmay_the_grid_medium_cups,
          minmay_the_grid_gridbox, minmay_the_grid_holed_spiral,
          minmay_the_grid_aliased_spiral, minmay_the_grid_expand,
          minmay_the_grid_garden, minmay_the_grid_all_tris,
          minmay_the_grid_prize_big_room], layout_gridville, dpeg_lair_monsters,
          uniq_erica, uniq_sonja, uniq_urug, uniq_josephine

Skill      XL: |  1  2  3  4  5  6  7  8  9 10 11 |
---------------+----------------------------------+-----
Fighting       | 4 5 7 10 12 | 12.3
Axes           | 5 |  5.6
Invocations    | 2 3 4 5 6 9 10 13 | 13.2
Armour         | 1 2 3 4 6 8 11 | 11.2
Maces & Flails | 3 5 |  5.4
Dodging        | |  2.5
Stealth        | |  1.5

Action                   |  1- 3 |  4- 6 |  7- 9 | 10-12 || total
-------------------------+-------+-------+-------+-------++-------
Melee: Hand axe          |    97 |   184 |       |       ||   281
       Flail             |       |    10 |   334 |   428 ||   772
Invok: Divine Shield     |       |     2 |     4 |     5 ||    11
       Cleansing Flame   |       |       |       |     5 ||     5
  Use: Scroll            |     3 |     1 |     2 |     1 ||     7
       Potion            |       |       |     1 |     3 ||     4
  Eat: Chunk             |     2 |     1 |     9 |     9 ||    21
       Ration            |     1 |     2 |     1 |     5 ||     9
Armor: Robe              |     7 |       |       |       ||     7
       Scale mail        |    25 |    88 |   158 |   241 ||   512
Dodge: Dodged            |    59 |    97 |   200 |   252 ||   608
Block: Other             |       |     2 |     2 |    31 ||    35
